[ PARTIDA AOE2 · #481438884 ]
UnrankedPersas vs Vietnamese
Equipo del jugador · DERR
[ ANÁLISIS DE REPETICIÓN · EXTRAÍDO DE LA PARTIDA GRABADA ]
Feudal
11:06
Castillos
28:34
Imperial
—
| APM promedio | 9.6 |
| APM pico | 22 |
| eAPM promedio | 5.8 |
| Aldeanos / militares | 41 / 23 |
Foco
⚔️ 28.3% · 🌾 71.7%
Scout Cavalry ×13 · Knight ×5 · Spearman ×2 · Monk ×1 · Militia ×1 · Mangonel ×1
Feudal
—
Castillos
—
Imperial
—
| APM promedio | 21.9 |
| APM pico | 65 |
| eAPM promedio | 13.0 |
| Aldeanos / militares | 91 / 50 |
Foco
⚔️ 17.9% · 🌾 82.1%
Archer ×48 · Trebuchet (Packed) ×2
Mapa de la partida
Recursos iniciales + cada clic de construcción. Líneas = muros · curvas = relieve. ◆ oro · ⬟ piedra · ● bayas · ✦ reliquia · ◌ hueco del cierre
Tu base· Abierta — flanco sin cerrar
Base de JoeXaviCol· Abierta — flanco sin cerrar
Terreno inicial suavizado · ◌ = hueco del cierre detectado · pasá el cursor para detalles
Inputs por minuto
— f.zangroniz - - JoeXaviCol
Build order — f.zangroniz
123 acciones detectadas en el replay
| 0:12 | Crear | Villager (Male) |
| 0:12 | Crear | Villager (Male) |
| 0:18 | Construir | House |
| 0:25 | Crear | Villager (Male) |
| 0:25 | Crear | Villager (Male) |
| 0:26 | Crear | Villager (Male) |
| 1:04 | Construir | House |
| 1:47 | Crear | Villager (Male) |
| 2:30 | Crear | Villager (Male) |
| 3:07 | Investigar | Loom |
| 3:09 | Crear | Villager (Male) |
| 3:55 | Construir | Lumber Camp |
| 4:08 | Crear | Villager (Male) |
| 4:08 | Crear | Villager (Male) |
| 4:21 | Crear | Villager (Male) |
| 4:31 | Crear | Villager (Male) |
| 4:54 | Construir | Mill |
| 5:02 | Crear | Villager (Male) |
| 5:25 | Construir | House |
| 6:37 | Construir | House |
| 6:46 | Crear | Villager (Male) |
| 6:46 | Crear | Villager (Male) |
| 7:47 | Construir | Barracks |
| 7:58 | Crear | Villager (Male) |
| 7:59 | Crear | Villager (Male) |
| 9:02 | Investigar | Feudal Age |
| 10:31 | Construir | Farm |
| 10:32 | Construir | Farm |
| 10:33 | Construir | Farm |
| 10:33 | Construir | Farm |
| 10:34 | Construir | Farm |
| 10:35 | Construir | Farm |
| 10:36 | Construir | Farm |
| 10:39 | Construir | Farm |
| 10:43 | Construir | Farm |
| 11:06 | Edad | Edad Feudal |
| 11:16 | Crear | Villager (Male) |
| 11:21 | Investigar | Double-Bit Axe |
| 11:25 | Investigar | Horse Collar |
| 12:07 | Construir | Mining Camp |
| 12:11 | Crear | Villager (Male) |
| 12:12 | Crear | Villager (Male) |
| 12:44 | Construir | House |
| 12:46 | Construir | House |
| 12:51 | Crear | Villager (Male) |
| 12:55 | Crear | Villager (Male) |
| 13:01 | Construir | Farm |
| 13:18 | Crear | Villager (Male) |
| 13:24 | Construir | Farm |
| 13:47 | Construir | Stable |
| 13:57 | Construir | Farm |
| 14:00 | Crear | Villager (Male) |
| 14:14 | Crear | Villager (Male) |
| 14:24 | Investigar | Gold Mining |
| 14:34 | Crear | Villager (Male) |
| 14:57 | Construir | Farm |
| 15:22 | Construir | Farm |
| 15:27 | Investigar | Wheelbarrow |
| 16:01 | Construir | Palisade Wall |
| 16:09 | Crear | Villager (Male) |
| 16:11 | Investigar | Town Watch |
| 16:17 | Crear | Villager (Male) |
| 16:18 | Crear | Villager (Male) |
| 16:41 | Crear | Villager (Male) |
| 17:22 | Construir | Palisade Wall |
| 17:31 | Crear | Scout Cavalry |
| 17:32 | Crear | Scout Cavalry |
| 18:01 | Crear | Spearman |
| 18:02 | Crear | Spearman |
| 18:36 | Crear | Scout Cavalry |
| 18:37 | Crear | Scout Cavalry |
| 19:20 | Crear | Scout Cavalry |
| 20:25 | Construir | House |
| 20:37 | Crear | Scout Cavalry |
| 21:07 | Construir | House |
| 21:58 | Crear | Scout Cavalry |
| 21:59 | Crear | Scout Cavalry |
| 23:30 | Construir | House |
| 23:31 | Construir | House |
| 23:37 | Crear | Villager (Male) |
| 23:37 | Crear | Villager (Male) |
| 23:38 | Crear | Villager (Male) |
| 24:07 | Construir | Watch Tower |
| 24:12 | Construir | Farm |
| 24:14 | Crear | Villager (Male) |
| 24:41 | Construir | Farm |
| 24:53 | Construir | Archery Range |
| 25:10 | Construir | Blacksmith |
| 26:06 | Construir | Farm |
| 26:09 | Investigar | Castle Age |
| 26:23 | Construir | Mining Camp |
| 26:25 | Investigar | Stone Mining |
| 26:50 | Crear | Militia |
| 26:53 | Crear | Scout Cavalry |
| 26:54 | Crear | Scout Cavalry |
| 28:03 | Crear | Scout Cavalry |
| 28:04 | Crear | Scout Cavalry |
| 28:34 | Edad | Edad de los Castillos |
| 28:44 | Investigar | Light Cavalry (upgrade) |
| 29:15 | Crear | Scout Cavalry |
| 29:39 | Construir | Watch Tower |
| 30:52 | Crear | Knight |
| 30:52 | Crear | Knight |
| 30:55 | Crear | Knight |
| 31:14 | Investigar | Scale Barding Armor |
| 31:27 | Crear | Villager (Male) |
| 31:42 | Crear | Villager (Male) |
| 32:17 | Construir | Farm |
| 32:24 | Crear | Villager (Male) |
| 32:25 | Crear | Villager (Male) |
| 32:32 | Investigar | Husbandry |
| 33:04 | Construir | Monastery |
| 33:15 | Construir | Farm |
| 34:08 | Investigar | Hand Cart |
| 34:16 | Crear | Monk |
| 34:28 | Construir | Siege Workshop |
| 34:52 | Crear | Knight |
| 35:53 | Crear | Mangonel |
| 37:20 | Crear | Villager (Male) |
| 37:20 | Crear | Villager (Male) |
| 37:21 | Crear | Villager (Male) |
| 38:03 | Crear | Knight |
| 38:37 | Construir | University |
Build order — JoeXaviCol
Primeras 150 de 250 acciones detectadas
| 0:01 | Crear | Villager (Male) |
| 0:02 | Crear | Villager (Male) |
| 0:03 | Construir | House |
| 0:05 | Construir | House |
| 0:07 | Construir | House |
| 0:07 | Crear | Villager (Male) |
| 0:23 | Crear | Villager (Male) |
| 1:24 | Crear | Villager (Male) |
| 1:52 | Crear | Villager (Male) |
| 2:39 | Crear | Villager (Male) |
| 2:53 | Crear | Villager (Male) |
| 3:17 | Construir | House |
| 3:21 | Construir | House |
| 3:34 | Construir | Lumber Camp |
| 3:35 | Crear | Villager (Male) |
| 3:35 | Crear | Villager (Male) |
| 3:46 | Crear | Villager (Male) |
| 4:14 | Crear | Villager (Male) |
| 4:42 | Crear | Villager (Male) |
| 4:48 | Crear | Villager (Male) |
| 5:18 | Crear | Villager (Male) |
| 5:19 | Crear | Villager (Male) |
| 6:01 | Construir | Mill |
| 6:04 | Crear | Villager (Male) |
| 6:05 | Crear | Villager (Male) |
| 6:12 | Construir | Mill |
| 6:32 | Crear | Villager (Male) |
| 6:39 | Crear | Villager (Male) |
| 6:50 | Investigar | Loom |
| 7:08 | Construir | Mill |
| 8:16 | Crear | Villager (Male) |
| 8:19 | Crear | Villager (Male) |
| 8:39 | Construir | Barracks |
| 9:13 | Construir | House |
| 9:32 | Investigar | Feudal Age |
| 9:59 | Construir | Mining Camp |
| 11:49 | Construir | Archery Range |
| 11:51 | Crear | Villager (Male) |
| 11:51 | Crear | Villager (Male) |
| 12:07 | Construir | Blacksmith |
| 12:11 | Crear | Villager (Male) |
| 12:28 | Construir | Mill |
| 12:30 | Crear | Villager (Male) |
| 12:32 | Crear | Archer |
| 12:33 | Crear | Archer |
| 12:33 | Crear | Archer |
| 12:33 | Crear | Archer |
| 12:53 | Construir | House |
| 13:15 | Investigar | Fletching |
| 13:16 | Investigar | Padded Archer Armor |
| 13:24 | Construir | Farm |
| 13:35 | Construir | Market |
| 13:41 | Crear | Villager (Male) |
| 13:44 | Crear | Archer |
| 14:14 | Crear | Archer |
| 14:18 | Construir | House |
| 14:47 | Crear | Villager (Male) |
| 15:01 | Crear | Archer |
| 15:27 | Crear | Villager (Male) |
| 15:31 | Construir | Farm |
| 15:34 | Construir | Farm |
| 15:38 | Crear | Villager (Male) |
| 15:50 | Construir | Lumber Camp |
| 15:57 | Construir | Farm |
| 16:00 | Construir | Farm |
| 16:12 | Construir | House |
| 16:15 | Crear | Villager (Male) |
| 16:34 | Crear | Villager (Male) |
| 16:42 | Construir | Farm |
| 16:47 | Construir | Farm |
| 16:49 | Investigar | Horse Collar |
| 16:50 | Crear | Villager (Male) |
| 17:34 | Crear | Villager (Male) |
| 17:43 | Crear | Villager (Male) |
| 17:49 | Construir | Farm |
| 17:49 | Construir | Farm |
| 17:50 | Construir | Farm |
| 17:50 | Construir | Farm |
| 17:50 | Construir | Farm |
| 17:51 | Construir | Farm |
| 17:54 | Construir | Farm |
| 17:54 | Crear | Villager (Male) |
| 18:13 | Construir | House |
| 18:26 | Crear | Villager (Male) |
| 18:35 | Crear | Villager (Male) |
| 18:53 | Crear | Villager (Male) |
| 19:38 | Crear | Villager (Male) |
| 19:58 | Investigar | Castle Age |
| 20:09 | Crear | Archer |
| 20:09 | Crear | Archer |
| 20:17 | Investigar | Gold Mining |
| 20:24 | Construir | Archery Range |
| 20:47 | Crear | Archer |
| 20:47 | Crear | Archer |
| 20:47 | Crear | Archer |
| 20:48 | Crear | Archer |
| 20:54 | Construir | House |
| 20:57 | Construir | House |
| 21:57 | Crear | Villager (Male) |
| 21:58 | Crear | Archer |
| 21:59 | Crear | Archer |
| 21:59 | Crear | Archer |
| 21:59 | Crear | Archer |
| 22:42 | Crear | Archer |
| 22:42 | Crear | Archer |
| 22:42 | Crear | Archer |
| 22:49 | Investigar | Crossbowman (upgrade) |
| 22:53 | Crear | Archer ×5 |
| 23:00 | Investigar | Bodkin Arrow |
| 23:15 | Construir | University |
| 23:17 | Crear | Villager (Male) |
| 23:39 | Construir | Town Center |
| 23:44 | Crear | Villager (Male) |
| 23:47 | Crear | Archer |
| 23:47 | Crear | Archer |
| 23:47 | Crear | Archer |
| 24:12 | Investigar | Double-Bit Axe |
| 24:24 | Crear | Villager (Male) |
| 24:29 | Construir | Farm |
| 24:38 | Construir | Farm |
| 24:43 | Construir | Farm |
| 24:46 | Construir | Farm |
| 24:56 | Construir | Farm |
| 24:57 | Construir | Farm |
| 24:57 | Construir | Farm |
| 24:59 | Crear | Villager (Male) |
| 25:03 | Construir | Farm |
| 25:07 | Construir | Farm |
| 25:11 | Crear | Villager (Male) |
| 25:26 | Crear | Villager (Male) |
| 25:34 | Construir | House |
| 25:40 | Construir | House |
| 25:41 | Construir | House |
| 25:43 | Construir | House |
| 25:44 | Construir | House |
| 25:46 | Crear | Villager (Male) |
| 25:51 | Construir | House |
| 26:00 | Crear | Villager (Male) |
| 26:16 | Crear | Villager (Male) |
| 27:08 | Crear | Villager (Male) |
| 27:09 | Crear | Villager (Male) |
| 27:10 | Crear | Villager (Male) |
| 27:17 | Construir | Town Center |
| 27:19 | Crear | Villager (Male) |
| 27:56 | Crear | Villager (Male) |
| 28:02 | Investigar | Ballistics |
| 28:02 | Crear | Villager (Male) |
| 28:03 | Crear | Villager (Male) |
| 28:22 | Crear | Villager (Male) |
| 28:42 | Construir | Farm |
Cronología de la partida
| 7:47 | f.zangroniz · first_building Barracks |
| 8:39 | JoeXaviCol · first_building Barracks |
| 11:06 | f.zangroniz · age_up feudal |
| 11:49 | JoeXaviCol · first_building Archery Range |
| 13:47 | f.zangroniz · first_building Stable |
| 16:01 | f.zangroniz · wall_segment Palisade Wall x14 |
| 17:22 | f.zangroniz · wall_segment Palisade Wall x16 |
| 19:05 | JoeXaviCol · first_market_buy 100 food |
| 19:06 | JoeXaviCol · first_market_sell 100 wood |
| 24:53 | f.zangroniz · first_building Archery Range |
| 28:34 | f.zangroniz · age_up castle |
| 30:16 | JoeXaviCol · first_building Monastery |
| 33:04 | f.zangroniz · first_building Monastery |
| 34:28 | f.zangroniz · first_building Siege Workshop |
| 34:35 | JoeXaviCol · first_building Castle |
| 39:10 | f.zangroniz · resign |
[ ANÁLISIS IA · 1 CRÉDITO ]
¿Qué pasó realmente en esta partida?
Wolo.gg analiza cada decisión: build order, eco, micro, errores típicos por bracket. Análisis personalizado por WhatsApp o Discord en 30 segundos.
Guía civ
Persas
Perfil
Jugador #25288586